 Dungeon Crawl Stone Soup version 0.31.0-11-ge490571c62 (webtiles) character file.

Game seed: 17935361222753696356

21 qw the Shooter (level 2, -2/16 HPs)
             Began as a Deep Elf Hunter on Feb 4, 2024.
             Slain by an adder (3 damage)
             ... on level 2 of the Dungeon.
             The game lasted 00:00:02 (517 turns).

qw the Shooter (Deep Elf Hunter)                     Turns: 517, Time: 00:00:03

Health: -2/16      AC:  3    Str:  8    XL:     2   Next: 65%
Magic:  4/4        EV: 12    Int: 13    God:
Gold:   13         SH:  0    Dex: 18    Spells: 1/1 levels left

rFire   . . .        a - +0 shortbow
rCold   . . .        (shield currently unavailable)
rNeg    . . .        c - +0 leather armour
rPois   .            (no helmet)
rElec   .            (no cloak)
rCorr   .            (no gloves)
SInv    .            (no boots)
Will    .....        (no amulet)
Stlth   ++           (no ring)
HPRegen 0.22/turn    (no ring)
MPRegen 0.09/turn

%: no passive effects
@: no status effects
A: no striking features
a: no special abilities


You were on level 2 of the Dungeon.
You visited 1 branch of the dungeon, and saw 2 of its levels.

You collected 13 gold pieces.


   Skills:
 - Level 1.5 Fighting
 + Level 6.4 Ranged Weapons
 - Level 2.4 Dodging
 - Level 1.2 Stealth


You had one spell level left.
You didn't know any spells.
Your spell library was empty.

Inventory:

Hand Weapons
 a - a +0 shortbow (weapon)
Armour
 c - a +0 leather armour (worn)

Dungeon Overview and Level Annotations

Branches:
Dungeon (2/15)

Altars:


Message History

You feel sick. The giant cockroach barely misses you. The adder bites you.
The giant cockroach barely misses you. The adder bites you.
You shoot an arrow. The arrow hits the adder.
The adder is heavily wounded.
You feel sick. The adder completely misses you.
The giant cockroach closely misses you.
You shoot an arrow. The arrow closely misses the adder.
You feel sick.
You are no longer poisoned.
The adder closely misses you. The giant cockroach barely misses you.
The adder misses you. The giant cockroach closely misses you.
You shoot an arrow. The arrow closely misses the adder.
The adder barely misses you. The giant cockroach barely misses you.
You shoot an arrow. The arrow closely misses the adder.
The adder bites you.
You are poisoned.
The adder poisons you! The giant cockroach barely misses you.
The adder bites you but does no damage.
You shoot an arrow. The arrow barely misses the adder.
You feel sick. The giant cockroach closely misses you.
The adder closely misses you. The giant cockroach misses you.
You shoot an arrow. The arrow hits the adder.
The adder is almost dead.
You feel sick. The adder barely misses you. The giant cockroach misses you.
The adder bites you.
You shoot an arrow. The arrow closely misses the adder.
You feel sick. The giant cockroach bites you. The adder closely misses you.
The giant cockroach barely misses you.
You shoot an arrow. The arrow closely misses the adder.
You feel sick. The adder misses you.
The giant cockroach bites you but does no damage.
The adder closely misses you.
You shoot an arrow.
The arrow hits the adder but does no damage.
The adder is almost dead.
You feel sick.
You are no longer poisoned.
The giant cockroach bites you but does no damage.
The adder bites you.
You die...

### ..#
... ###
#..
##.....##
#..<.#..#
#......S#
#._.@.#
#......B#
#..<.#..#
##.....##
### #..
... ..#
###


You could see an adder and a giant cockroach.

Vanquished Creatures
  A bat (D:1)
  3 endoplasms (D:1)
  5 goblins (D:1)
  A hobgoblin (D:1)
  A quokka (D:1)
  4 ball pythons (D:1)
  2 kobolds (D:1)
  2 rats (D:1)
19 creatures vanquished.

Notes
Turn   | Place    | Note
-------+----------+-------------------------------------------
     0 | D:1      | qw the Deep Elf Hunter began the quest for the Orb.
     0 | D:1      | Reached XP level 1. HP: 12/12 MP: 3/3
     0 | D:1      | 0 ||| qw: Version: 0.3-a-160-g6735b56
     0 | D:1      | 0 ||| qw: Game counter: 4339
     0 | D:1      | 0 ||| qw: Melee chars always use a shield: true
     0 | D:1      | 0 ||| qw: God list: Okawaru
     0 | D:1      | 0 ||| qw: Allow faded altars: false
     0 | D:1      | 0 ||| qw: Do Orc after clearing Dungeon:15 true
     0 | D:1      | 0 ||| qw: Do second Lair branch before Depths: true
     0 | D:1      | 0 ||| qw: Lair rune preference: random
     0 | D:1      | 0 ||| qw: Goals: Normal
     0 | D:1      | 0 ||| PLANNING D:1-11
   142 | D:1      | Reached XP level 2. HP: 16/16 MP: 4/4
   145 | D:1      | Reached skill level 6 in Ranged Weapons
   468 | D:1      | 468 ||| READING scroll labelled ESHEIL GIDI.
   469 | D:1      | 469 ||| DROPPING scroll of butterflies.
   500 | D:2      | Found a faded altar of an unknown god.
   501 | D:2      | 501 ||| STAIRDANCE
   515 | D:2      | HP: 4/16 [giant cockroach (1)]
   517 | D:2      | HP: 1/16 [poisoned by an adder]
   517 | D:2      | Slain by an adder

Levels and vault maps discovered:
D:1:      wander_arrival_estate, layout_rooms, serial_bayou_pond_e,
          kennysheep_boxes
D:2:      layout_basic, nicolae_ecumenical_pavilion, serial_shops, shop,
          kennysheep_generic_room_2

Skill      XL: |  1  2 |
---------------+-------+-----
Ranged Weapons | 6 |  6.4
Fighting       | |  1.5
Dodging        | |  2.4
Stealth        | |  1.2

Action                     || total
---------------------------++-------
   Fire: Shortbow          ||    68
    Use: Scroll            ||     1
 Armour: Leather armour    ||    29
  Dodge: Dodged            ||    51

Table legend:
 A = Non-vault XP
 B = Vault XP
 C = Vault XP percentage of total XP
 D = Non-vault monster count
 E = Vault monster count
 F = Vault count percentage of total count
                 A         B        C        D         E       F
            +---------+---------+-------+---------+---------+-------
      Total |      31 |       0 |   0.0 |      19 |       0 |   0.0
            +---------+---------+-------+---------+---------+-------
        D:1 |      31 |       0 |   0.0 |      19 |       0 |   0.0
            +---------+---------+-------+---------+---------+-------
